 Dungeon Crawl Stone Soup version 0.31-a0-210-gccc998df9b (webtiles) character file.

Game seed: 7984430892003419005

1672 qw the Cleaver (level 9, -3/55 HPs)
             Began as a Gargoyle Fighter on June 29, 2023.
             Was a Follower of Okawaru.
             Engulfed by a steam dragon's steam (8 damage)
             ... on level 7 of the Dungeon.
             The game lasted 00:03:28 (5429 turns).

qw the Cleaver (Gargoyle Fighter)                   Turns: 5429, Time: 00:03:29

Health: -3/55      AC: 17    Str: 24    XL:     9   Next: 1%
Magic:  12/12      EV: 15    Int:  9    God:    Okawaru [*.....]
Gold:   404        SH:  5    Dex:  9    Spells: 8/8 levels left

rFire   . . .        Y - +1 war axe
rCold   . . .        c - +0 buckler
rNeg    + + .        k - +0 chain mail
rPois   inf          (no helmet)
rElec   +            (no cloak)
rCorr   .            (no gloves)
SInv    .            (no boots)
Will    .....        h - amulet of regeneration Stlth
                     i - +5 ring of evasion
HPRegen 1.09/turn    o - ring of positive energy
MPRegen 0.13/turn

%: no passive effects
@: about to teleport, heroic
A: sickness immunity, AC +6, negative energy resistance 1, electricity
resistance, torment resistance 1, petrification resistance
a: Renounce Religion, Heroism


You were on level 7 of the Dungeon.
You worshipped Okawaru.
Okawaru was aware of your devotion.
You visited 2 branches of the dungeon, and saw 8 of its levels.
You also visited: Ossuary.

You collected 404 gold pieces.


Innate Abilities, Weirdness & Mutations

You are immune to sickness and miasma.
Your stone body is resilient. (AC +6)
You are immune to poison.
You resist negative energy. (rN+)
You are resistant to electric shocks. (rElec)
You are resistant to unholy torment.
You are immune to petrification.


   Skills:
 - Level 6.2(11.2) Fighting
 + Level 8.3(13.3) Axes
 - Level 1.1(6.1) Throwing
 - Level 3.2(8.2) Armour
 - Level 1.2(6.2) Dodging
 - Level 3.2(8.2) Shields
 - Level 4.0 Invocations


You had 8 spell levels left.
You didn't know any spells.
Your spell library was empty.

Inventory:

Hand Weapons
 b - a +0 flail
 Y - a +1 war axe (weapon)
Armour
 c - a +0 buckler (worn)
 k - a +0 chain mail (worn)
Jewellery
 h - an amulet of regeneration (around neck)
 i - a +5 ring of evasion (left hand)
 o - a ring of positive energy (right hand)
Potions
 d - 2 potions of might
 e - a potion of lignification
 f - a potion of curing {unknown}
 g - a potion of ambrosia {unknown}
 j - a potion of enlightenment {unknown}
 m - a potion of heal wounds {unknown}
 n - a potion of mutation {unknown}

Dungeon Overview and Level Annotations

Branches:
Dungeon (7/15)             Temple (1/1) D:4         Ossuary (visited)

Altars:
Ashenzari
Cheibriados
Dithmenos
Elyvilon
Fedhas
Gozag
Kikubaaqudgha
Makhleb
Okawaru
Qazlal
Ru
Sif Muna
Uskayaw
Xom
Yredelemnul
Zin
The Shining One


Message History

You kill the gnoll bouda!
Okawaru accepts your kill.
A steam dragon comes into view.
The gnoll barely misses you. The gnoll misses you.
Found a gold wand.
You block the gnoll's attack. The gnoll closely misses you.
The gnoll barely misses you. You block the gnoll's attack.
The gnoll hits you but does no damage.
You see here a +0 flail.
You slice the gnoll!!
You kill the gnoll!
Okawaru accepts your kill.
You hit the gnoll. You slash the gnoll!
The gnoll hits you from afar with a +0 halberd.
The gnoll hits you from afar with a +0 spear.
You block the gnoll's attack. The gnoll hits you with a +0 spear. x2
You have reached level 9!
Your experience leads to an increase in your attributes!
Increase (S)trength, (I)ntelligence, or (D)exterity?
You feel stronger. x2
You slash the gnoll!
You kill the gnoll!
Okawaru accepts your kill.
You closely miss the gnoll. You slash the gnoll!
You kill the gnoll!
Okawaru accepts your kill. You block the gnoll's attack.
The gnoll hits you from afar with a +0 spear.
You barely miss the gnoll. The gnoll misses you.
The steam dragon breathes steam at you.
The ball of steam hits the gnoll!
The gnoll dies!
The ball of steam hits you! The gnoll hits you but does no damage.
You hear a bark!
5429 ||| READING scroll of teleportation.
As you read the scroll of teleportation, it crumbles to dust.
You feel strangely unstable.
You are engulfed in a cloud of scalding steam.
You die...

.......##...../
...............
...............
...............
.......D..$....
......¤¤¤....
......¤.¤g#
######### #@g%#
........####¤¤)#
........'...¤..#
........###...(#
####......#....#
#.####.#.####
#.#..#.#.#
#.#..#.#.#
#.#..#.#.#


You could see a steam dragon (catching breath) and 2 gnolls.

Vanquished Creatures
  A steam dragon (D:7)
  A water moccasin (D:5)
  An ice beast (D:7)
  A black bear (D:6)
  2 ogres (D:4)
  A centaur (D:5)
  2 phantoms
  A bullfrog (D:7)
  2 scorpions (D:5)
  4 hounds
  3 jellies
  3 iguanas (D:6)
  2 gnoll boudas (D:7)
  A sleepcap (D:5)
  10 gnolls
  5 adders
  A white imp (D:5)
  2 ufetubi
  A worm (D:3)
  7 dart slugs
  16 orcs
  5 ball pythons
  7 endoplasms
  8 goblins
  10 hobgoblins
  10 jackals
  7 kobolds
  4 quokkas
  2 bats
  5 frilled lizards
  8 hobgoblin zombies (Ossuary)
  7 kobold zombies (Ossuary)
  5 orc zombies (Ossuary)
  6 rats
151 creatures vanquished.

Vanquished Creatures (others)
  A gnoll (D:7)
1 creature vanquished.

Grand Total: 152 creatures vanquished

Notes
Turn   | Place    | Note
-------+----------+-------------------------------------------
     0 | D:1      | qw the Gargoyle Fighter began the quest for the Orb.
     0 | D:1      | Reached XP level 1. HP: 14/14 MP: 1/1
     0 | D:1      | 0 ||| qw: Version: 0.3-a-24-g62f9e04
     0 | D:1      | 0 ||| qw: Game counter: 6721
     0 | D:1      | 0 ||| qw: Melee chars always use a shield: true
     0 | D:1      | 0 ||| qw: God list: Okawaru
     0 | D:1      | 0 ||| qw: Allow faded altars: false
     0 | D:1      | 0 ||| qw: Do Orc after clearing Dungeon:15 true
     0 | D:1      | 0 ||| qw: Do second Lair branch before Depths: true
     0 | D:1      | 0 ||| qw: Lair rune preference: random
     0 | D:1      | 0 ||| qw: Goals: Normal, Zot:1-4, Slime:5, God:TSO, Crypt,
                  | Tomb, Abyss, Pan, Hells, Win
     0 | D:1      | 0 ||| PLANNING D:1-11
    70 | D:1      | Reached skill level 2 in Axes
   101 | D:1      | 101 ||| Stepping ~*~*~tactically~*~*~ (stealth).
   115 | D:1      | Reached XP level 2. HP: 10/19 MP: 2/2
   159 | D:1      | 159 ||| Stepping ~*~*~tactically~*~*~ (stealth).
   261 | D:1      | Reached skill level 3 in Axes
   270 | D:1      | 270 ||| Stepping ~*~*~tactically~*~*~ (hiding).
   280 | D:1      | Reached XP level 3. HP: 18/23 MP: 3/3
   301 | D:1      | 301 ||| DROPPING +0 whip.
   352 | D:1      | 352 ||| Stepping ~*~*~tactically~*~*~ (hiding).
   354 | D:1      | 354 ||| Stepping ~*~*~tactically~*~*~ (hiding).
   409 | D:1      | 409 ||| Stepping ~*~*~tactically~*~*~ (stealth).
   521 | D:1      | 521 ||| Stepping ~*~*~tactically~*~*~ (hiding).
   653 | D:1      | 653 ||| Stepping ~*~*~tactically~*~*~ (stealth).
   972 | D:1      | 972 ||| READING 2 scrolls labelled FUF EROTHAURY.
   973 | D:1      | 973 ||| READING scroll labelled DUICKA KUABLYE.
   974 | D:1      | 974 ||| READING scroll labelled QODERGH FODI.
   978 | D:1      | 978 ||| DROPPING scroll of fear.
  1012 | D:2      | 1012 ||| Stepping ~*~*~tactically~*~*~ (stealth).
  1198 | D:2      | Reached XP level 4. HP: 28/28 MP: 4/4
  1358 | D:2      | Reached skill level 4 in Axes
  1449 | D:2      | 1449 ||| DRINKING 2 bubbling pink potions.
  1483 | D:3      | You fall into a shaft and drop 1 floor!
  1611 | D:4      | Noticed an ogre
  1619 | D:4      | Killed an ogre
  1620 | D:4      | Reached skill level 5 in Axes
  1620 | D:4      | Reached XP level 5. HP: 32/32 MP: 5/5
  1729 | D:4      | Found a staircase to the Ecumenical Temple.
  1730 | D:4      | 1730 ||| PLANNING TEMPLE
  1739 | Temple   | Entered the Ecumenical Temple
  1783 | Temple   | 1783 ||| PLANNING OKAWARU WORSHIP
  1800 | Temple   | Became a worshipper of Warmaster Okawaru
  1801 | Temple   | 1801 ||| PLANNING D:1-11
  1839 | D:4      | 1839 ||| Stepping ~*~*~tactically~*~*~ (stealth).
  1840 | D:4      | 1840 ||| Stepping ~*~*~tactically~*~*~ (stealth).
  1859 | D:4      | 1859 ||| Stepping ~*~*~tactically~*~*~ (stealth).
  1940 | D:4      | Reached skill level 1 in Dodging
  1940 | D:4      | Reached XP level 6. HP: 32/38 MP: 6/6
  2169 | D:3      | 2169 ||| Stepping ~*~*~tactically~*~*~ (stealth).
  2318 | D:3      | Found a burning altar of Makhleb.
  2533 | D:3      | 2533 ||| DROPPING +0 leather armour of cold resistance.
  2534 | D:3      | 2534 ||| UPGRADING to +0 chain mail.
  2544 | D:3      | 2544 ||| DROPPING +0 scale mail.
  2545 | D:3      | 2545 ||| READING scroll labelled EHAYXY LOKO.
  2546 | D:3      | 2546 ||| READING scroll labelled WANIFF SOLO.
  2857 | D:4      | 2857 ||| DROPPING +0 mace.
  2867 | D:4      | 2867 ||| Stepping ~*~*~tactically~*~*~ (hiding).
  2869 | D:4      | 2869 ||| Stepping ~*~*~tactically~*~*~ (hiding).
  2870 | D:4      | 2870 ||| Stepping ~*~*~tactically~*~*~ (hiding).
  2887 | D:4      | 2887 ||| Stepping ~*~*~tactically~*~*~ (stealth).
  2889 | D:4      | 2889 ||| Stepping ~*~*~tactically~*~*~ (hiding).
  2935 | D:4      | 2935 ||| Stepping ~*~*~tactically~*~*~ (stealth).
  2936 | D:4      | 2936 ||| Stepping ~*~*~tactically~*~*~ (stealth).
  2965 | D:4      | HP: 2/38 [ogre/+0 giant club (11)]
  2966 | D:4      | 2966 ||| READING 3 scrolls of teleportation.
  3203 | D:4      | 3203 ||| Stepping ~*~*~tactically~*~*~ (hiding).
  3580 | D:5      | Entered Level 5 of the Dungeon
  3598 | D:5      | Reached XP level 7. HP: 43/43 MP: 7/7
  3639 | D:5      | Reached skill level 6 in Axes
  3670 | D:5      | Found an opulent altar of Gozag.
  3685 | D:5      | 3685 ||| Stepping ~*~*~tactically~*~*~ (stealth).
  3692 | D:5      | Reached skill level 1 in Throwing
  3705 | D:5      | 3705 ||| Stepping ~*~*~tactically~*~*~ (hiding).
  3713 | D:5      | HP: 10/43 [centaur (2)]
  3714 | D:5      | 3714 ||| READING 2 scrolls of teleportation.
  3909 | D:5      | Reached * piety under Okawaru
  3969 | D:5      | Reached skill level 1 in Invocations
  4344 | D:5      | Reached skill level 7 in Axes
  4415 | D:5      | 4415 ||| READING scroll labelled YBLARA DEQO.
  4428 | D:6      | Found a sand-covered staircase.
  4429 | D:6      | 4429 ||| PLANNING OSSUARY
  4429 | D:6      | 4429 ||| STAIRDANCE
  4433 | D:6      | 4433 ||| STAIRDANCE
  4450 | D:5      | Reached XP level 8. HP: 35/48 MP: 8/10
  4506 | Ossuary  | Entered an ossuary
  4694 | D:6      | 4694 ||| PLANNING D:1-11
  4699 | D:6      | 4699 ||| INVOKING Heroism.
  4703 | D:6      | Reached skill level 3 in Invocations
  4738 | D:6      | 4738 ||| Stepping ~*~*~tactically~*~*~ (stealth).
  4741 | D:6      | 4741 ||| Stepping ~*~*~tactically~*~*~ (stealth).
  4743 | D:6      | 4743 ||| Stepping ~*~*~tactically~*~*~ (stealth).
  4783 | D:6      | Found a hide-covered altar of Uskayaw.
  4814 | D:6      | 4814 ||| INVOKING Heroism.
  4989 | D:6      | 4989 ||| Stepping ~*~*~tactically~*~*~ (stealth).
  5005 | D:6      | 5005 ||| Stepping ~*~*~tactically~*~*~ (stealth).
  5006 | D:6      | 5006 ||| Stepping ~*~*~tactically~*~*~ (stealth).
  5007 | D:6      | 5007 ||| Stepping ~*~*~tactically~*~*~ (stealth).
  5009 | D:6      | 5009 ||| Stepping ~*~*~tactically~*~*~ (stealth).
  5027 | D:6      | 5027 ||| Stepping ~*~*~tactically~*~*~ (stealth).
  5244 | D:6      | 5244 ||| UPGRADING to amulet of regeneration.
  5249 | D:6      | 5249 ||| UPGRADING to +5 ring of evasion.
  5250 | D:6      | 5250 ||| UPGRADING to ring of positive energy.
  5251 | D:6      | 5251 ||| READING scroll labelled HUMNAKKUURGH.
  5313 | D:7      | 5313 ||| INVOKING Heroism.
  5314 | D:7      | 5314 ||| Stepping ~*~*~tactically~*~*~ (cloud).
  5315 | D:7      | 5315 ||| Stepping ~*~*~tactically~*~*~ (hiding).
  5324 | D:7      | Reached skill level 8 in Axes
  5401 | D:7      | 5401 ||| INVOKING Heroism.
  5417 | D:7      | Reached skill level 6 in Fighting
  5427 | D:7      | Reached XP level 9. HP: 16/55 MP: 12/12
  5428 | D:7      | HP: 5/55 [something/ball of steam (11)]
  5429 | D:7      | 5429 ||| READING scroll of teleportation.
  5429 | D:7      | Engulfed by a steam dragon's steam

Levels and vault maps discovered:
D:1:      kennysheep_arrival_forest, layout_basic, hex_medium
D:2:      layout_rooms, amcnicky_mini_rare_corridor_liquid,
          nicolae_elevator_lobby_plus
D:3:      layout_rooms, mainiacjoe_overflow_alcove_1
D:4:      layout_basic, minmay_temple_entry_sparse_star
D:5:      layout_basic, lemuel_round_altar
D:6:      layout_rooms, nicolae_uskayaw_murder_on_the_dancefloor,
          nicolae_ossuary_entry_ruins, kennysheep_minor_cross
D:7:      layout_basic, nicolae_titane
Temple:   zaba_magenta_temple

Skill      XL: |  1  2  3  4  5  6  7  8 |
---------------+-------------------------+-----
Axes           | 2 3 5 7 8 |  8.3
Fighting       | 4 6 |  6.2
Dodging        | 1 |  1.2
Throwing       | 1 |  1.1
Invocations    | 2 4 |  4.0
Armour         | |  3.2
Shields        | |  3.2

Action                     |  1- 3 |  4- 6 |  7- 9 || total
---------------------------+-------+-------+-------++-------
  Melee: War axe           |   112 |   138 |   221 ||   471
  Throw: Javelin           |       |    20 |     3 ||    23
 Invoke: Heroism           |       |       |     4 ||     4
    Use: Scroll            |     3 |     3 |     4 ||    10
         Potion            |       |     1 |       ||     1
 Armour: Scale mail        |    58 |    55 |       ||   113
         Chain mail        |       |     5 |   133 ||   138
  Dodge: Dodged            |    44 |    55 |   133 ||   232
  Block: Buckler           |    24 |    22 |    59 ||   105

Table legend:
 A = Non-vault XP
 B = Vault XP
 C = Vault XP percentage of total XP
 D = Non-vault monster count
 E = Vault monster count
 F = Vault count percentage of total count
                 A         B        C        D         E       F
            +---------+---------+-------+---------+---------+-------
      Total |    2369 |      20 |   0.8 |     131 |      20 |  13.2
            +---------+---------+-------+---------+---------+-------
        D:1 |      68 |       0 |   0.0 |      34 |       0 |   0.0
        D:2 |      36 |       0 |   0.0 |      14 |       0 |   0.0
        D:3 |      48 |       0 |   0.0 |      13 |       0 |   0.0
        D:4 |     383 |       0 |   0.0 |      26 |       0 |   0.0
        D:5 |     714 |       0 |   0.0 |      18 |       0 |   0.0
        D:6 |     543 |       0 |   0.0 |      15 |       0 |   0.0
        D:7 |     577 |       0 |   0.0 |      11 |       0 |   0.0
    Ossuary |       0 |      20 | 100.0 |       0 |      20 | 100.0
            +---------+---------+-------+---------+---------+-------
